 Dungeon Sprint DCSS version 0.23.2-30-g0e89c35649 (webtiles) character file.

Game seed: 8378182749744543330

9880 Baz the Warrior (level 11, -27/81 HPs)
             Began as a Gargoyle Berserker on June 24, 2019.
             Was a High Priest of Trog.
             Killed from afar by a crystal guardian (33 damage)
             ... with a crystal bolt
             ... in the Dungeon (Sprint II: "The Violet Keep of Menkaure").
             The game lasted 00:08:46 (2285 turns).

Baz the Warrior (Gargoyle Berserker)                Turns: 2285, Time: 00:08:46

Health: -27/81     AC: 24    Str: 27    XL:     11   Next: 53%
Magic:  11/11      EV: 12    Int:  7    God:    Trog [*****.]
Gold:   463        SH:  0    Dex:  9    Spells: 10/10 levels left

rFire    . . .     SeeInvis .   l - +0 dire flail "Gargoyle's Peril" {drain, rElec Stlth+}
rCold    . . .     Gourm    .   (shield currently unavailable)
rNeg     + . .     Faith    .   f - +0 plate armour "Jicyigeh" {*Drain rElec Str+2} (curse)
rPois    ∞         Spirit   .   (no helmet)
rElec    +         Reflect  .   (no cloak)
rCorr    .         Harm     .   (no gloves)
MR       .....     NoTele   +   (no boots)
Stlth    ..........             (no amulet)
HPRegen  0.23/turn              (no ring)
MPRegen  0.12/turn              (no ring)

@: no status effects
A: negative energy resistance 1, electricity resistance, unbreathing,
petrification resistance, rot immunity, AC +8
a: Berserk, Trog's Hand, Brothers in Arms, Renounce Religion


You were in the Dungeon.
You worshipped Trog.
Trog was extremely pleased with you.
You were not hungry.

You visited 1 branch You collected 1480 gold pieces.
You spent 1017 gold pieces at shops.

Inventory:

Hand Weapons
 a - a +0 mace
 l - the +0 dire flail "Gargoyle's Peril" (weapon) {drain, rElec Stlth+}
   (Trog gifted it to you in the Dungeon)

   A truly terrible weapon, it drains the life of those it strikes.
   It insulates you from electricity.
   It makes you more stealthy.
Armour
 b - a +0 animal skin
 f - the cursed +0 plate armour "Jicyigeh" (worn) {*Drain rElec Str+2}
   (You bought it in a shop in the Dungeon)

   It affects your strength (+2).
   It insulates you from electricity.
   It causes draining when unequipped.
   It has a curse placed upon it.
Scrolls
 d - 2 scrolls of remove curse
 i - 2 scrolls of blinking
Potions
 e - a potion of might
 g - 2 potions of magic
 h - a potion of heal wounds
 j - a potion of mutation {unknown}
 k - 3 potions of flight {unknown}
Comestibles
 c - a ration
 m - 12 chunks of flesh


   Skills:
 + Level 15.1 Fighting
 + Level 14.7 Maces & Flails
 * Level 14.5 Armour
 * Level 11.7 Dodging
 - Level 1.6 Stealth


You had 10 spell levels left.
You didn't know any spells.
Your spell library was empty.

Dungeon Overview and Level Annotations

Branches:
Dungeon (1/1)

Altars:
Cheibriados
Dithmenos
Elyvilon
Fedhas
Gozag
Kikubaaqudgha
Makhleb
Nemelex Xobeh
Okawaru
Qazlal
Ru
Sif Muna
Trog
Uskayaw
Vehumet
Wu Jian
Xom
Yredelemnul
Zin
The Shining One
Jiyva
Lugonu

Shops:
D (=:!=!!?}::?[*[%

Annotations:
D exclusion: oklob plant


Innate Abilities, Weirdness & Mutations

You are resistant to torment.
Your stone body is resilient. (AC +8)
You are immune to poison.
You resist negative energy. (rN+)
You are resistant to electric shocks. (rElec)
You can survive without breathing.
You are immune to petrification.
You are immune to rotting.


Message History

Unknown command.
You hit the crystal guardian.
The crystal guardian is heavily damaged.
The crystal guardian fires a crystalline bolt at you.
The crystal bolt burns you!! The crystal bolt burns you!!!
Ouch! That really hurt!
* * * LOW HITPOINT WARNING * * *
The crystal bolt burns the crystal guardian.
The crystal guardian completely resists.
You catch the helpless crystal guardian completely off-guard!
You hit the crystal guardian but do no damage.
The crystal guardian is heavily damaged.
Unknown command.
You hit the crystal guardian but do no damage.
The crystal guardian is heavily damaged.
The crystal guardian closely misses you.
Unknown command.
The crystal guardian fires a crystalline bolt at you.
The crystal bolt freezes you!!
You die...

.....## ○.....##
○○.....##++# ....°.#
...### .°.(°# ....##
+#+++## ...#!## ...)..#
^^#..# #'##..# ####.#8.#
)####.####..÷.##@#
##..#....#.÷#...####
...####..#####÷.##.#
#'###.##..#..').#..#
#.##...#..#..#÷.#.)# [
.<.'###'..####..##)# )($
#.##...#....###.÷.##▓▓▓▓▓
#'###.##......≈≈≈(≈≈≈≈≈≈≈
...####≈≈..§§.≈#+########


You could see a crystal guardian.

Vanquished Creatures
  Kirke (D)
  A fire dragon (D)
  A yaktaur captain (D)
  A death drake (D)
  3 manticores (D)
  A merfolk siren (D)
  A yaktaur (D)
  2 polar bears (D)
  A hornet (D)
  2 tyrant leeches (D)
  A blink frog (D)
  8 flying skulls (D)
  4 neqoxecs (D)
  A black bear (D)
  5 necrophages (D)
  A crocodile (D)
  3 lava snakes (D)
  An iron imp (D)
38 creatures vanquished.

Vanquished Creatures (collateral kills)
  An iron elemental (D)
  A skeletal warrior (D)
  A death drake (D)
  A polar bear (D)
  4 flying skulls (D)
  2 swamp drakes (D)
  2 black bears (D)
  A lava snake (D)
13 creatures vanquished.

Vanquished Creatures (others)
  A centaur warrior (D)
  An elephant (D)
  A kobold demonologist (D)
  Menkaure (D)
  A crocodile (D)
5 creatures vanquished.

Grand Total: 56 creatures vanquished

Notes
Turn   | Place    | Note
-------+----------+-------------------------------------------
     0 | D        | Baz the Gargoyle Berserker began the quest for the Orb.
     0 | D        | Reached XP level 1. HP: 14/14 MP: 1/1
     1 | D        | Noticed a necrophage
     1 | D        | Noticed a necrophage
     1 | D        | Noticed a necrophage
     1 | D        | Noticed a necrophage
    10 | D        | Killed a necrophage
    10 | D        | Reached skill level 6 in Fighting
    10 | D        | Reached XP level 2. HP: 5/23 MP: 2/2
    10 | D        | Reached XP level 3. HP: 7/28 MP: 3/3
    10 | D        | Reached XP level 4. HP: 8/32 MP: 4/4
    13 | D        | Killed a necrophage
    13 | D        | Reached skill level 8 in Fighting
    13 | D        | Reached XP level 5. HP: 5/39 MP: 5/5
    15 | D        | HP: 1/58 [necrophage (5)]
    17 | D        | Killed a necrophage
    17 | D        | Reached ** piety under Trog
    17 | D        | Reached skill level 9 in Fighting
    17 | D        | Reached XP level 6. HP: 1/46 MP: 6/6
    19 | D        | Killed a necrophage
    39 | D        | Killed Menkaure
   305 | D        | Found Zaubaig's General Store.
   305 | D        | Found Varaef's Antique Armour Shoppe.
   305 | D        | Found Iqewkiy's Magic Scroll Emporium.
   305 | D        | Found Noxur's Antique Armour Emporium.
   305 | D        | Found Fein's Book Shoppe.
   305 | D        | Found Vasovur's Book Shoppe.
   306 | D        | Found Siasih's Gadget Shoppe.
   306 | D        | Found Wagh's Magic Scroll Emporium.
   307 | D        | Found Girulu's Distillery.
   307 | D        | Found Paxukay's Distillery.
   307 | D        | Noticed a yak
   308 | D        | Found Dyereg's Food Emporium.
   308 | D        | Noticed a yak
   309 | D        | Found Uqua's Jewellery Shoppe.
   309 | D        | Found Finnaq's Distillery.
   309 | D        | Noticed an oklob plant
   309 | D        | Noticed a spiny frog
   309 | D        | Noticed a spiny frog
   310 | D        | Found Ipaonygo's Jewellery Shoppe.
   310 | D        | Found Acint's Antique Weapon Emporium.
   310 | D        | Found Assuehuq's Book Shoppe.
   311 | D        | Noticed a yak
   323 | D        | Noticed a great orb of eyes
   341 | D        | Reached skill level 10 in Fighting
   341 | D        | Reached skill level 10 in Maces & Flails
   391 | D        | Noticed a merfolk siren
   402 | D        | Killed a merfolk siren
   402 | D        | Reached *** piety under Trog
   402 | D        | Reached skill level 11 in Fighting
   402 | D        | Reached skill level 5 in Armour
   402 | D        | Reached skill level 1 in Stealth
   402 | D        | Reached XP level 7. HP: 54/54 MP: 7/7
   409 | D        | Noticed a tyrant leech
   409 | D        | Noticed a tyrant leech
   426 | D        | Killed a tyrant leech
   426 | D        | Reached XP level 8. HP: 25/60 MP: 8/8
   640 | D        | Killed a tyrant leech
   640 | D        | Reached skill level 12 in Fighting
   705 | D        | Bought a shimmering plate armour for 672 gold pieces
   715 | D        | Identified the cursed +0 plate armour "Jicyigeh" {*Drain
                  | rElec Str+2} (You bought it in a shop in the Dungeon)
   734 | D        | Reached **** piety under Trog
   734 | D        | Reached skill level 5 in Dodging
   749 | D        | Reached XP level 9. HP: 67/67 MP: 9/9
   789 | D        | Noticed Kirke
   789 | D        | Noticed a skeletal warrior
   789 | D        | Noticed a yaktaur captain
   808 | D        | Noticed a manticore
   821 | D        | Killed Kirke
   821 | D        | Reached ***** piety under Trog
   821 | D        | Reached skill level 13 in Fighting
   821 | D        | Reached skill level 10 in Armour
   827 | D        | Reached XP level 10. HP: 70/73 MP: 10/10
   828 | D        | Noticed an iron elemental
   831 | D        | Noticed a centaur warrior
   841 | D        | Killed a centaur warrior
   845 | D        | Killed a yaktaur captain
   861 | D        | Killed an elephant
   905 | D        | Killed a kobold demonologist
   938 | D        | Killed a skeletal warrior
   938 | D        | Reached skill level 14 in Fighting
  1088 | D        | Bought a ration for 70 gold pieces
  1095 | D        | Bought a scroll of blinking for 82 gold pieces
  1098 | D        | Bought a scroll of remove curse for 33 gold pieces
  1109 | D        | Bought a potion of might for 40 gold pieces
  1109 | D        | Bought a potion of heal wounds for 50 gold pieces
  1180 | D        | Noticed a fire dragon
  1195 | D        | Killed a fire dragon
  1195 | D        | Reached skill level 10 in Dodging
  1274 | D        | Found an iron altar of Okawaru.
  1274 | D        | Found an opulent altar of Gozag.
  1313 | D        | Received a gift from Trog
  1314 | D        | Got a transparent dire flail {god gift}
  1315 | D        | Identified the +0 dire flail "Gargoyle's Peril" {drain,
                  | rElec Stlth+} (Trog gifted it to you in the Dungeon)
  1321 | D        | Bought a ration for 70 gold pieces
  1746 | D        | Killed an iron elemental
  1746 | D        | Reached XP level 11. HP: 64/80 MP: 11/11
  1906 | D        | Found a sparkling altar of Nemelex Xobeh.
  1906 | D        | Found a blossoming altar of Fedhas.
  1907 | D        | Found a radiant altar of Vehumet.
  1907 | D        | Found a burning altar of Makhleb.
  1907 | D        | Found a white marble altar of Elyvilon.
  1908 | D        | Found a hide-covered altar of Uskayaw.
  1908 | D        | Found a corrupted altar of Lugonu.
  1908 | D        | Found a shadowy altar of Dithmenos.
  1909 | D        | Found a glowing silver altar of Zin.
  1909 | D        | Found a bloodstained altar of Trog.
  1909 | D        | Found an ancient bone altar of Kikubaaqudgha.
  1910 | D        | Found a basalt altar of Yredelemnul.
  1910 | D        | Found a deep blue altar of Sif Muna.
  1910 | D        | Found a viscous altar of Jiyva.
  1910 | D        | Found a snail-covered altar of Cheibriados.
  1911 | D        | Found a shimmering altar of Xom.
  1911 | D        | Found a sacrificial altar of Ru.
  1913 | D        | Noticed a death drake
  1914 | D        | Noticed a death drake
  1926 | D        | Killed a death drake
  1930 | D        | Killed a death drake
  1945 | D        | Received a gift from Trog
  2156 | D        | Found a glowing golden altar of the Shining One.
  2156 | D        | Found an ornate altar of the Wu Jian Council.
  2157 | D        | Found a stormy altar of Qazlal.
  2174 | D        | Received a gift from Trog
  2197 | D        | Noticed a manticore
  2197 | D        | Noticed a manticore
  2197 | D        | Noticed a manticore
  2203 | D        | Killed a manticore
  2213 | D        | Killed a manticore
  2213 | D        | Reached skill level 15 in Fighting
  2217 | D        | Killed a manticore
  2277 | D        | Noticed a crystal guardian
  2285 | D        | Killed from afar by a crystal guardian

Skill      XL: |  1  2  3  4  5  6  7  8  9 10 11 |
---------------+----------------------------------+-----
Fighting       | 6 8 9 11 12 13 14 15 | 15.1
Maces & Flails | 6 7 8 11 12 13 14 | 14.7
Armour         | 3 4 5 7 10 13 14 | 14.5
Dodging        | 2 3 4 6 8 10 11 | 11.7
Stealth        | 1 |  1.6

Action                   |  1- 3 |  4- 6 |  7- 9 | 10-12 || total
-------------------------+-------+-------+-------+-------++-------
Melee: Mace              |     7 |    22 |    54 |   109 ||   192
       Unarmed           |       |       |    17 |       ||    17
       Dire flail        |       |       |       |    80 ||    80
Invok: Berserk           |     1 |     1 |     4 |     1 ||     7
       Brothers in Arms  |       |       |       |     6 ||     6
       Trog's Hand       |       |       |       |     2 ||     2
  Use: Potion            |       |       |     2 |     2 ||     4
 Stab: Distracted        |       |       |       |     2 ||     2
  Eat: Chunk             |       |       |     4 |     3 ||     7
       Ration            |       |       |       |     2 ||     2
Armor: Animal skin       |     1 |     1 |     2 |       ||     4
       Plate armour      |       |       |     7 |   115 ||   122
Dodge: Dodged            |     4 |     2 |    17 |   106 ||   129
